 Dungeon Crawl Stone Soup version 0.24-a0-417-g1cce26a4d2 (webtiles) character file.

Game seed: 13734590395197981647

46 Ilgrip the Vexing (level 3, -1/26 HPs)
             Began as a Demonspawn Arcane Marksman on June 11, 2019.
             Slain by Sigmund
             ... wielding a +0 scythe
              (11 damage)
             ... on level 2 of the Dungeon.
             The game lasted 00:00:37 (756 turns).

Ilgrip the Vexing (Demonspawn Arcane Marksman)       Turns: 756, Time: 00:00:38

Health: -1/26      AC:  2    Str: 10    XL:     3   Next: 44%
Magic:  0/4        EV: 12    Int: 15    God:
Gold:   56         SH:  0    Dex: 13    Spells: 3/4 levels left

rFire    . . .     SeeInvis .   a - +0 hunting sling
rCold    . . .     Gourm    .   (no shield)
rNeg     . . .     Faith    .   e - +0 robe
rPois    .         Spirit   +   (no helmet)
rElec    .         Reflect  .   (no cloak)
rCorr    .         Harm     .   (no gloves)
MR       .....                  (no boots)
Stlth    +.........             (no amulet)
HPRegen  0.08/turn              (no ring)
MPRegen  0.18/turn              (no ring)

@: no status effects
A: magic shield, magic regeneration
a: no special abilities


You were on level 2 of the Dungeon.
You were not hungry.

You visited 1 branch of the dungeon, and saw 2 of its levels.

You collected 56 gold pieces.

Inventory:

Hand Weapons
 a - a +0 hunting sling (weapon)
Missiles
 d - 9 sling bullets (quivered)
 g - 39 stones
Armour
 e - a +0 robe (worn)
Jewellery
 c - a +2 ring of evasion {unknown}
 h - a +3 amulet of reflection {unknown}
Scrolls
 b - 2 scrolls of identify {unknown}
 i - 2 scrolls of enchant armour {unknown}
 k - a scroll of immolation {unknown}
 l - a scroll of magic mapping {unknown}
 n - a scroll of teleportation {unknown}
Potions
 j - 2 potions of ambrosia {unknown}
 m - a potion of lignification {unknown}
Comestibles
 f - a ration


   Skills:
 + Level 1.3 Fighting
 + Level 3.0 Slings
 + Level 1.9 Dodging
 + Level 1.0 Spellcasting
 + Level 3.3 Hexes


You had 3 spell levels left.
You knew the following spells:

 Your Spells              Type           Power        Failure   Level  Hunger
a - Corona                Hex            ##.....      6%          1    ##.....

Your spell library contained the following spells:

 Spells                   Type           Power        Failure   Level  Hunger
 Slow                     Hex            ##......     10%         2    ###....
 Inner Flame              Hex/Fire       #.......     36%         3    ####...
 Portal Projectile        Hex/Tloc       #.....       36%         3    ####...
 Cause Fear               Hex            ##........   52%         4    #####..
 Leda's Liquefaction      Hex/Erth       #.........   77%         4    #####..


Dungeon Overview and Level Annotations

Branches:
Dungeon (2/15)

Altars:

Annotations:
D:2 Sigmund


Innate Abilities, Weirdness & Mutations

When hurt, damage is shared between your health and your magic reserves.
You regenerate magic rapidly.


Message History

Firing (i - inventory. (/) - cycle)
d - 11 sling bullets (quivered)
Press: ? - help, Shift-Dir - straight line, f - Sigmund
Aim: Sigmund, wielding a +0 scythe and wearing a +0 robe You shoot a sling bullet.
The sling bullet hits Sigmund.
Sigmund is lightly wounded.
Sigmund casts a spell at you. The magic dart hits you!
Sigmund is nearby!
You are too injured to fight recklessly!
Sigmund is nearby!
You are too injured to fight recklessly!
Sigmund is nearby!
You are too injured to fight recklessly!
Firing (i - inventory. (/) - cycle)
d - 10 sling bullets (quivered)
Press: ? - help, Shift-Dir - straight line, f/p - Sigmund
Aim: Sigmund, wielding a +0 scythe and wearing a +0 robe (lightly wounded)
You shoot a sling bullet.
The sling bullet closely misses Sigmund.
Sigmund hits you from afar with a +0 scythe!
You die...

#.##..## #.#.'....
.......#.## #.#.#####
......###.## #........
.##..# ##.#########..##
#(# ##....#####.... ##.#
##.#......)....#
.####@###......#######.#
.......#.####### #.#
#@## #.. ### ### ####
#... #.## # ## #.#. #.#.
#...


You could see Sigmund.

Vanquished Creatures
  An adder (D:2)
  An ooze (D:1)
  2 worms (D:2)
  2 giant cockroaches
  4 goblins
  A hobgoblin (D:2)
  6 kobolds
  A ball python (D:1)
  5 bats
  2 frilled lizards (D:1)
  4 rats (D:1)
29 creatures vanquished.

Notes
Turn   | Place    | Note
-------+----------+-------------------------------------------
     0 | D:1      | Ilgrip the Demonspawn Arcane Marksman began the quest for
                  | the Orb.
     0 | D:1      | Reached XP level 1. HP: 15/15 MP: 2/2
    94 | D:1      | Gained mutation: When hurt, damage is shared between your
                  | health and your magic reserves. [demonic ancestry]
    94 | D:1      | Reached XP level 2. HP: 21/21 MP: 3/3
   588 | D:2      | Gained mutation: You regenerate magic rapidly. [demonic
                  | ancestry]
   588 | D:2      | Reached XP level 3. HP: 26/26 MP: 4/4
   754 | D:2      | Noticed Sigmund
   756 | D:2      | Slain by Sigmund

Levels and vault maps discovered:
D:1:      sevenhm_arrival_forest_fort_small_3, layout_rooms
D:2:      layout_loops_cross, lemuel_zombie_altar_kikubaaqudgha,
          lemuel_crystal_altar, roderic_serpentine_path, uniq_sigmund

Skill      XL: |  1  2  3 |
---------------+----------+-----
Slings         | 2 3 |  3.0
Fighting       | |  1.3
Dodging        | |  1.9
Spellcasting   | |  1.0
Hexes          | |  3.3

Action                   || total
-------------------------++-------
 Fire: Hunting sling     ||    77
Armor: Robe              ||     2
Dodge: Dodged            ||     6

Table legend:
 A = Non-vault XP
 B = Vault XP
 C = Vault XP percentage of total XP
 D = Non-vault monster count
 E = Vault monster count
 F = Vault count percentage of total count
                 A         B        C        D         E       F
            +---------+---------+-------+---------+---------+-------
      Total |      66 |       0 |   0.0 |      29 |       0 |   0.0
            +---------+---------+-------+---------+---------+-------
        D:1 |      28 |       0 |   0.0 |      16 |       0 |   0.0
        D:2 |      38 |       0 |   0.0 |      13 |       0 |   0.0
            +---------+---------+-------+---------+---------+-------
